 Dungeon Crawl Stone Soup version 0.29.0-15-g675c0067aa (webtiles) character file.

Game seed: 2350582376464660267

152 safid the Shooter (level 5, -4/45 HPs)
             Began as a Minotaur Hunter on Sept 11, 2022.
             Slain by a centaur
             ... wielding a +2 dagger of venom
              (5 damage)
             ... on level 3 of the Dungeon.
             The game lasted 00:03:59 (2234 turns).

safid the Shooter (Minotaur Hunter)                 Turns: 2234, Time: 00:03:59

Health: -4/45      AC: 11    Str: 16    XL:     5   Next: 11%
Magic:  4/4        EV:  9    Int:  6    God:
Gold:   137        SH:  0    Dex: 15    Spells: 4/4 levels left

rFire   . . .      SeeInvis .   a - +0 shortbow
rCold   . . .      Faith    .   (shield currently unavailable)
rNeg    . . .      Spirit   .   q - +0 plate armour
rPois   .          Reflect  .   (helmet restricted)
rElec   .          Harm     .   c - +0 cloak
rCorr   .          Rampage  .   (no gloves)
Will    .....                   (no boots)
Stlth   ..........              (no amulet)
HPRegen 0.15/turn               o - +4 ring of evasion
MPRegen 0.09/turn               (no ring)

@: lethally poisoned (-4 -> -34)
A: horns 2, retaliatory headbutt
a: no special abilities


You were on level 3 of the Dungeon.
You visited 1 branch of the dungeon, and saw 3 of its levels.

You collected 137 gold pieces.

Inventory:

Hand Weapons
 a - a +0 shortbow (weapon)
Armour
 c - a +0 cloak (worn)
 q - a +0 plate armour (worn)
Jewellery
 o - a +4 ring of evasion (left hand)
Scrolls
 e - 3 scrolls of teleportation {unknown}
 h - a scroll of acquirement {unknown}
 l - 5 scrolls of identify {unknown}
 r - a scroll of summoning {unknown}
 s - a scroll of amnesia {unknown}
Potions
 b - a potion of attraction {unknown}
 d - 3 potions of cancellation {unknown}
 f - a potion of might {unknown}
 g - 6 potions of curing {unknown}
 i - a potion of ambrosia {unknown}
 j - 2 potions of invisibility {unknown}
 k - 2 potions of brilliance {unknown}
 m - a potion of haste {unknown}
 n - a potion of mutation {unknown}
 p - a potion of heal wounds {unknown}


   Skills:
 + Level 3.0 Fighting
 + Level 6.5 Ranged Weapons
 + Level 1.3 Armour
 + Level 2.5 Dodging
 - Level 0.7 Stealth


You had 4 spell levels left.
You didn't know any spells.
Your spell library contained the following spells:

 Spells                   Type           Power      Damage    Failure   Level
 Shock                    Conj/Air       0%         1d3       100%        1
 Sting                    Tmut/Pois      0%         1d3       100%        1
 Poisonous Vapours        Pois/Air       0%         N/A       100%        2
 Scorch                   Fire           0%         2d5       100%        2
 Ignite Poison            Fire/Tmut/Pois 0%         N/A       100%        3
 Mephitic Cloud           Conj/Pois/Air  0%         N/A       100%        3
 Swiftness                Air            0%         N/A       100%        3
 Airstrike                Air            0%         2d(0-16)  100%        4
 Flame Wave               Conj/Fire      0%         2d4       100%        4
 Olgreb's Toxic Radiance  Pois           0%         N/A       100%        4
 Freezing Cloud           Conj/Ice/Air   0%         6-21      100%        5
 Summon Cactus Giant      Summ           0%         N/A       100%        6


Dungeon Overview and Level Annotations

Branches:
Dungeon (3/15)

Altars:
Trog

Shops:
D:1 *


Innate Abilities, Weirdness & Mutations

You have a pair of horns on your head.
You reflexively headbutt those who attack you in melee.


Message History

The centaur shoots an arrow.
The arrow hits you!
You shoot an arrow.
The arrow hits the bat but does no damage.
The bat closely misses you.
You shoot an arrow. The arrow hits the centaur!
The centaur is heavily wounded.
The bat barely misses you.
The centaur unwields a +0 shortbow.
The centaur wields a +2 dagger of venom.
It begins to drip with poison!
The centaur hits you but does no damage.
You are poisoned.
The centaur barely misses you.
The bat hits the plant.
The plant begins to die.
The centaur closely misses you. You furiously retaliate!
You headbutt the centaur. The centaur barely misses you.
You shoot an arrow. The arrow barely misses the centaur.
You feel very sick. The bat hits you.
The centaur hits you with a +2 dagger of venom.
You are more poisoned.
The centaur kicks you but does no damage.
The centaur hits you with a +2 dagger of venom.
You are lethally poisoned!
The centaur kicks you but does no damage.
The centaur hits you with a +2 dagger of venom!
You are more poisoned.
The centaur kicks you but does no damage.
You are too injured to fight recklessly!
Unknown command.
You are too injured to fight recklessly!
Unknown command.
Fire: a) +0 shortbow
Press: ? - help, Q - select action Shift-Dir - straight line, f/p - centaur
Aim: a centaur, wielding a +2 dagger of venom and wearing a ring of protection from fire (severely wounded, 73% to hit)
You shoot an arrow. The arrow hits the centaur.
The centaur is severely wounded.
* * * LOW HITPOINT WARNING * * *
You feel extremely sick.
The bat hits you but does no damage. x2; The bat closely misses you.
The centaur hits you with a +2 dagger of venom.
You die...

######.# #...
#.##.####### ####
#..........# #
##########.# # ##
####.#### # ######.#
#.......# # #....
#.##.##.##.#####
#....###.#†##.##......
♣..b@.##.............
P~~~~.cP♣...............
.♣.~~~P~~♣.....#.#.###.#
~.~~≈≈~~.~.........# #.#
.~~~≈≈≈~~~...#...#.# #.#
♣.~~.~~.~~P......#.# #.#
.~~P~~~~~....##.##.# #..
..P..♣..P#.#.. ....# #.
..#.#.####### .. #..


You could see a centaur and a bat.

Vanquished Creatures
  A hound (D:2)
  4 adders
  3 dart slugs
  An orc (D:3)
  6 ball pythons
  5 bats
  6 endoplasms
  4 giant cockroaches
  10 hobgoblins
  7 jackals
  6 kobolds
  5 quokkas
  7 frilled lizards
  4 goblins
  6 rats
75 creatures vanquished.

Vanquished Creatures (others)
  6 plants (D:3)
6 creatures vanquished.

Grand Total: 81 creatures vanquished

Notes
Turn   | Place    | Note
-------+----------+-------------------------------------------
     0 | D:1      | safid the Minotaur Hunter began the quest for the Orb.
     0 | D:1      | Reached XP level 1. HP: 18/18 MP: 0/0
   148 | D:1      | Found Guanlito's General Store.
   160 | D:1      | Reached XP level 2. HP: 20/25 MP: 1/1
   308 | D:1      | Reached skill level 5 in Ranged Weapons
   424 | D:1      | Reached XP level 3. HP: 23/30 MP: 2/2
   545 | D:1      | Found a faded altar of an unknown god.
   901 | D:2      | Reached XP level 4. HP: 28/37 MP: 3/3
  1154 | D:2      | Reached skill level 6 in Ranged Weapons
  1845 | D:3      | Reached skill level 1 in Armour
  2038 | D:3      | Reached XP level 5. HP: 44/44 MP: 4/4
  2193 | D:3      | Found a bloodstained altar of Trog.
  2228 | D:3      | Noticed a centaur
  2234 | D:3      | HP: 1/45 [poisoned by a centaur]
  2234 | D:3      | Slain by a centaur

Illustrated notes

Levels and vault maps discovered:
D:1:      amcnicky_arrival_wind_blow, layout_rooms,
          hellmonk_ecumenical_altar_heavens_door, serial_shops, shop
D:2:      minmay_alternating_diamond, layout_basic
D:3:      layout_loops_cross, mainiacjoe_overflow_alcove_2, serial_bayou_pond_b,
          chequers_garden

Skill      XL: |  1  2  3  4  5 |
---------------+----------------+-----
Ranged Weapons | 5 6 |  6.5
Armour         | 1 |  1.3
Fighting       | 3 |  3.0
Dodging        | |  2.5
Stealth        | |  0.7

Action                   |  1- 3 |  4- 6 || total
-------------------------+-------+-------++-------
 Fire: Shortbow          |    95 |   111 ||   206
Armor: Leather armour    |    16 |     7 ||    23
       Plate armour      |       |    40 ||    40
Dodge: Dodged            |    41 |    61 ||   102
